 Dungeon Crawl Stone Soup version 0.19.1 (webtiles) character file.

12425 Leibowitz the Spear-Bearer (level 11, -2/94 HPs)
             Began as a Demigod Gladiator on Nov 27, 2016.
             Slain by a yak (14 damage)
             ... on level 2 of the Lair of Beasts.
             The game lasted 00:50:38 (16551 turns).

Leibowitz the Spear-Bearer (Demigod Gladiator)     Turns: 16551, Time: 00:50:38

Health: -2/94      AC:  8    Str: 18    XL:     11   Next: 36%
Magic:  20/20      EV: 19    Int: 12    God:
Gold:   439        SH:  0    Dex: 20    Spells: 2 memorised, 13 levels left

rFire  + . .     SeeInvis .     D - +1 halberd (chop)
rCold  + . .     Gourm    .     h - +2 robe {rC+ rF+}
rNeg   . . .     Faith    .     (shield currently unavailable)
rPois  +         Spirit   .     c - +0 helmet
rElec  .         Reflect  .     t - +0 cloak
rCorr  .         Harm     .     (no gloves)
MR     ++...                    i - +0 pair of boots
Stlth  +++.......               (no amulet)
                                I - ring of poison resistance
                                y - ring of protection from magic

@: no status effects
A: talons 1, high mp 1, mutation resistance 1, shaggy fur 1, weak 1
a: no special abilities


You were on level 2 of the Lair of Beasts.
You were not hungry.

You visited 2 branches of the dungeon, and saw 11 of its levels.
You also visited: Sewer and Ossuary.

You collected 543 gold pieces.
You spent 104 gold pieces at shops.

Inventory:

Hand Weapons
 a - a +1 trident
 b - a +0 blowgun
 d - a +0 glaive
 u - a +2 dagger of venom
 D - a +1 halberd of chopping (weapon)
Missiles
 k - 28 poisoned needles
 A - 2 throwing nets (quivered)
Armour
 c - a +0 helmet (worn)
 h - a +2 robe of resistance (worn)
 i - a +0 pair of boots (worn)
 t - a +0 cloak (worn)
Jewellery
 y - a ring of protection from magic (left hand)
 I - a ring of poison resistance (right hand)
 O - a cursed ring of teleportation {unknown}
Wands
 g - a wand of hasting (3/9)
 l - a wand of paralysis (11/24)
 n - a wand of confusion (17/48)
 E - a wand of lightning (5/15)
 F - a wand of iceblast (0/15)
Scrolls
 p - 8 scrolls of identify
 s - a scroll of fear
 v - 4 scrolls of teleportation
 B - a scroll of blinking
 C - 2 scrolls of remove curse
 H - a scroll of enchant weapon
 J - 3 scrolls of fog
 K - 2 scrolls of immolation
 L - 2 scrolls of amnesia
Potions
 e - 4 potions of curing
 j - 3 potions of magic
 w - 3 potions of flight
 z - 4 potions of mutation
 M - a potion of brilliance
 N - 2 potions of agility
Books
 x - a Young Poisoner's Handbook

   Spells                             Type                      Level
   a - Sting                          Conjuration/Poison           1
   b - Mephitic Cloud                 Conjuration/Poison/Air       3
   c - Olgreb's Toxic Radiance        Poison                       4
   d - Alistair's Intoxication        Transmutation/Poison         5
   e - Venom Bolt                     Conjuration/Poison           5
Comestibles
 f - 8 bread rations
 m - 6 meat rations
 q - 2 royal jellies
 r - 3 fruits


   Skills:
 * Level 7.9 Fighting
 + Level 10.1 Polearms
 + Level 1.9 Throwing
 + Level 2.7 Armour
 * Level 8.3 Dodging
 + Level 5.3 Stealth
 + Level 3.7 Spellcasting
 + Level 3.2 Conjurations
 + Level 2.1 Air Magic
 + Level 2.8 Poison Magic


You had 13 spell levels left.
You knew the following spells:

 Your Spells              Type           Power        Failure   Level  Hunger
a - Sting                 Conj/Pois      #...         10%         1    #......
b - Mephitic Cloud        Conj/Pois/Air  #.......     24%         3    ###....


Dungeon Overview and Level Annotations

Branches:
Dungeon (9/15)             Temple (0/1) D:4            Lair (2/6) D:9
  Swamp: Lair:2-4    Shoals: Lair:2-4     Snake: Lair:2-4    Spider: Lair:2-4
    Orc: D:9-12

Shops:
D:4 (   D:5 !   D:8 *

Annotations:
D:2 Sigmund
D:9 Nimsei's ghost, novice DsGl


Innate Abilities, Weirdness & Mutations

You have an increased reservoir of magic. (+10% MP)
You have sharp toenails.
You are somewhat resistant to further mutation.
You are covered in fur. (AC +1)
You are weak. (Str -2)


Message History

The hippogriff claws you but does no damage.
You impale the hippogriff!!
You kill the hippogriff!
You are struck by the porcupine's spines.
* * * LOW HITPOINT WARNING * * *
You slash the porcupine!
You kill the porcupine!
You hit the yak.
The yak is lightly wounded.
You barely miss the yak.
The yak is lightly wounded.
The yak gores you!
* * * LOW HITPOINT WARNING * * *
You puncture the yak!
The yak is heavily wounded.
The yak completely misses you.
You barely miss the yak.
The yak is heavily wounded.
The yak gores you!
You die...

.#.#.≈≈≈...≈≈### #≈..##..
#..........≈≈#≈###≈.###..
.....#.#..≈≈≈≈≈≈≈≈.##...
.................)..../
###...#................
##....##....#.P#......
#..............##.....
###..............##.....
##..#..#@###..P..........
♣♣♣......Y##
#.............
≈.≈≈.♣...##
#####...#..... .≈≈≈.≈..##
#..P........ ≈.≈...≈.#
#.......###.. ≈.≈.≈≈.≈.
..#....... .. ≈.≈..≈..♣.
............ ..
≈.≈≈...≈≈.. .....t$......
≈..≈≈≈≈≈≈ ..
......$......


You could see a yak.

Vanquished Creatures
  A hydra (Lair:2)
  A cyclops (D:9)
  3 spiny frogs (Lair:1)
  A black mamba (Lair:1)
  2 komodo dragons (Lair:1)
  5 hippogriffs
  14 yaks
  A basilisk (Lair:1)
  A wyvern (D:8)
  A hungry ghost (D:8)
  7 porcupines
  6 water moccasins
  5 orc warriors
  3 phantoms
  A black bear (D:9)
  6 ogres
  4 wolves (Lair:1)
  2 centaurs
  2 crocodiles (Lair:1)
  2 big kobolds
  3 elf zombies (Ossuary)
  4 bullfrogs
  3 scorpions
  A water moccasin skeleton (D:9)
  12 killer bees
  An electric eel (Lair:2)
  7 howler monkeys
  4 crimson imps
  A centaur zombie (Ossuary)
  2 bullfrog zombies
  17 orc wizards
  2 centaur skeletons (D:4)
  4 hounds
  2 jellies
  3 orc priests
  3 iguanas
  Ijyb (D:2)
  10 worker ants
  2 mummies (Ossuary)
  5 gnolls (D:3)
  A worker ant zombie (D:5)
  15 adders
  A river rat (D:5)
  A shadow imp (D:9)
  3 oozes
  An adder zombie (Ossuary)
  2 adder skeletons (D:4)
  4 worms
  3 dart slugs
  10 leopard geckos
  32 orcs
  10 giant cockroaches
  7 goblins
  5 hobgoblins
  12 jackals
  19 kobolds
  2 quokkas
  5 ball pythons
  A ball python skeleton (D:5)
  7 bats
  8 frilled lizards
  4 goblin zombies (Ossuary)
  9 hobgoblin zombies (Ossuary)
  3 jackal zombies (Ossuary)
  5 kobold zombies (Ossuary)
  A leopard gecko skeleton (D:4)
  10 orc zombies (Ossuary)
  2 quokka skeletons
  11 rats
  A rat zombie (Ossuary)
  A plant (Sewer)
351 creatures vanquished.

Vanquished Creatures (collateral kills)
  An orc (D:7)
1 creature vanquished.

Vanquished Creatures (others)
  2 fungi (Lair:1)
  A plant (Lair:1)
3 creatures vanquished.

Grand Total: 355 creatures vanquished

Notes
Turn   | Place    | Note
-------+----------+-------------------------------------------
     0 | D:1      | Leibowitz the Demigod Gladiator began the quest for the Orb.
     0 | D:1      | Reached XP level 1. HP: 17/17 MP: 3/3
   267 | D:1      | Reached skill level 3 in Polearms
   267 | D:1      | Reached XP level 2. HP: 24/24 MP: 4/4
   699 | D:2      | Noticed Sigmund
   772 | D:2      | Noticed Ijyb
   776 | D:2      | Reached XP level 3. HP: 29/29 MP: 5/5
   810 | D:2      | Killed Ijyb
  1073 | D:2      | Found a glowing golden altar of the Shining One.
  1081 | D:2      | Reached XP level 4. HP: 20/36 MP: 6/6
  1675 | D:3      | Reached skill level 4 in Polearms
  2300 | D:3      | Reached skill level 1 in Armour
  2317 | D:3      | Reached XP level 5. HP: 42/42 MP: 7/7
  3410 | D:4      | Found Citywne's Antique Weapon Emporium.
  3476 | D:4      | Reached skill level 5 in Polearms
  3476 | D:4      | Reached XP level 6. HP: 36/50 MP: 8/8
  4179 | D:4      | Reached skill level 1 in Stealth
  4236 | D:4      | Found a burning altar of Makhleb.
  4326 | D:4      | Found a staircase to the Ecumenical Temple.
  4647 | D:4      | Reached XP level 7. HP: 57/57 MP: 9/9
  4667 | D:4      | Learned a level 1 spell: Sting
  4679 | D:4      | Found a hide-covered altar of Uskayaw.
  4679 | D:4      | Found a bloodstained altar of Trog.
  5305 | D:4      | Reached skill level 6 in Polearms
  5496 | D:5      | Entered Level 5 of the Dungeon
  5500 | D:5      | Found Mubiv's Distillery.
  5505 | D:5      | Bought a potion of curing for 39 gold pieces
  5505 | D:5      | Bought a potion of heal wounds for 65 gold pieces
  5603 | D:5      | Reached skill level 1 in Conjurations
  5603 | D:5      | Reached skill level 1 in Poison Magic
  5765 | D:5      | Found a sand-covered staircase.
  5783 | Ossuary  | Entered an ossuary
  5951 | Ossuary  | Gained mutation: You are weak. (Str -2) [potion of mutation]
  5951 | Ossuary  | Gained mutation: You have sharp toenails. [potion of mutation]
  5951 | Ossuary  | Gained mutation: You are covered in fur. (AC +1) [potion of mutation]
  5963 | Ossuary  | Reached XP level 8. HP: 35/66 MP: 12/12
  6099 | Ossuary  | Reached skill level 5 in Dodging
  6194 | D:5      | Found a glowing drain.
  6198 | Sewer    | Entered a sewer
  7916 | D:6      | Reached skill level 1 in Spellcasting
  7920 | D:6      | Reached skill level 7 in Polearms
  8097 | D:7      | Noticed a hippogriff
  8117 | D:7      | Killed a hippogriff
  8199 | D:7      | Reached skill level 5 in Fighting
  8481 | D:7      | Gained mutation: You are somewhat resistant to further mutation. [potion of beneficial mutation]
  9105 | D:6      | Reached XP level 9. HP: 53/74 MP: 15/15
  9934 | D:7      | Found a shadowy altar of Dithmenos.
 10347 | D:7      | Found a stormy altar of Qazlal.
 10368 | D:7      | Learned a level 3 spell: Mephitic Cloud
 10775 | D:8      | Found an opulent altar of Gozag.
 10779 | D:8      | Found Gozag's Platinum Reserve.
 11331 | D:8      | Reached skill level 1 in Air Magic
 11564 | D:8      | Reached skill level 8 in Polearms
 11680 | D:9      | Found a staircase to the Lair.
 11789 | D:9      | Noticed a cyclops
 11827 | D:9      | HP: 1/75 [cyclops/large rock (18)]
 11839 | D:9      | Killed a cyclops
 11839 | D:9      | Reached XP level 10. HP: 26/83 MP: 3/18
 12213 | D:9      | Noticed Nimsei's ghost (novice DsGl)
 13485 | Lair:1   | Entered Level 1 of the Lair of Beasts
 13928 | Lair:1   | Reached skill level 9 in Polearms
 14587 | Lair:1   | Reached XP level 11. HP: 63/92 MP: 18/20
 14906 | Lair:1   | Reached skill level 5 in Stealth
 16165 | Lair:2   | Noticed a six-headed hydra
 16224 | Lair:2   | Killed a six-headed hydra
 16224 | Lair:2   | Reached skill level 10 in Polearms
 16551 | Lair:2   | Slain by a yak

Skill      XL: |  1  2  3  4  5  6  7  8  9 10 11 |
---------------+----------------------------------+-----
Dodging        | 3 4 6 7 8 |  8.3
Polearms       | 3 4 5 6 7 8 9 10 | 10.1
Fighting       | 2 3 4 5 6 7 |  7.9
Armour         | 1 2 |  2.7
Stealth        | 1 2 3 4 5 |  5.3
Conjurations   | 1 2 3 |  3.2
Poison Magic   | 1 2 |  2.8
Spellcasting   | 1 3 |  3.7
Air Magic      | 1 2 |  2.1
Throwing       | |  1.9

Action                   |  1- 3 |  4- 6 |  7- 9 | 10-12 || total
-------------------------+-------+-------+-------+-------++-------
Melee: Trident           |   116 |   289 |   545 |    22 ||   972
       Dagger            |       |     8 |       |       ||     8
       Halberd           |       |       |   177 |   322 ||   499
Throw: Throwing net      |       |     3 |     2 |       ||     5
 Cast: Sting             |       |       |    78 |    15 ||    93
       Mephitic Cloud    |       |       |     6 |    16 ||    22
Evoke: Wand              |       |       |    11 |     1 ||    12
  Use: Scroll            |     4 |     4 |     5 |     4 ||    17
       Potion            |       |       |    13 |     3 ||    16
 Stab: Sleeping          |     1 |     2 |     9 |     5 ||    17
       Distracted        |       |     1 |     2 |     3 ||     6
       Held in net/web   |       |     1 |       |       ||     1
       Confused          |       |       |    10 |    24 ||    34
       Paralysed         |       |       |     5 |       ||     5
  Eat: Chunk             |       |    12 |    26 |    18 ||    56
       Pizza             |       |       |     1 |       ||     1
       Beef jerky        |       |       |     1 |       ||     1
       Fruit             |       |       |       |     1 ||     1
Armor: Leather armour    |    39 |    45 |    91 |       ||   175
       Robe              |       |       |    85 |    53 ||   138
Dodge: Dodged            |    81 |   186 |   574 |   253 ||  1094
